 Dungeon Crawl Stone Soup version 0.29-a0-322-g68df515428 (webtiles) character file.

Game seed: 15057057090140649548

91 spaghetti the Cudgeller (level 4, 0/72 HPs)
             Began as an Ogre Berserker on Apr 9, 2022.
             Was a Believer of Trog.
             Slain by a gnoll
             ... wielding a +0 spear
              (8 damage)
             ... on level 2 of the Dungeon.
             The game lasted 00:02:04 (1644 turns).

spaghetti the Cudgeller (Ogre Berserker)            Turns: 1644, Time: 00:02:05

Health: 0/72       AC:  3    Str: 23    XL:     4   Next: 59%
Magic:  0/4        EV: 10    Int:  8    God:    Trog [**....]
Gold:   72         SH:  0    Dex:  8    Spells: 3/3 levels left

rFire   + . .      SeeInvis .   a - +0 mace {mace}
rCold   + . .      Faith    .   (no shield)
rNeg    . . .      Spirit   +   b - +0 animal skin
rPois   .          Reflect  .   (helmet restricted)
rElec   .          Harm     .   m - scarf {rC+ rF+}
rCorr   .          Rampage  .   (gloves unavailable)
Will    .....                   (boots unavailable)
Stlth   ..........              g - amulet of guardian spirit
HPRegen 0.22/turn               (no ring)
MPRegen 0.09/turn               (no ring)

@: berserking (expiring), very quick
A: large, unfitting armour, tough skin 1
a: Renounce Religion, Berserk, Trog's Hand


You were on level 2 of the Dungeon.
You worshipped Trog.
Trog was pleased with you.
You visited 1 branch of the dungeon, and saw 2 of its levels.

You collected 72 gold pieces.


Innate Abilities, Weirdness & Mutations

You are too large for most types of armour.
You have tough skin. (AC +1)


   Skills:
 - Level 4.0 Fighting
 + Level 4.1 Maces & Flails
 + Level 2.3 Throwing
 - Level 2.6 Dodging


You had 3 spell levels left.
You didn't know any spells.
Your spell library was empty.

Inventory:

Hand Weapons
 a - a +0 mace (weapon) {mace}
Missiles
 c - 35 stones (quivered) {throwing}
 i - 5 javelins {throwing}
Armour
 b - a +0 animal skin (worn)
 m - a scarf of resistance (worn)
   (You found it on level 2 of the Dungeon)
Jewellery
 g - an amulet of guardian spirit (around neck)
   (You found it on level 1 of the Dungeon)
Scrolls
 e - 2 scrolls of identify {unknown}
 h - 2 scrolls of teleportation {unknown}
 l - a scroll of fog {unknown}
Potions
 d - a potion of might {unknown}
 f - a potion of ambrosia {unknown}
 j - a potion of haste {unknown}
 k - a potion of brilliance {unknown}

Dungeon Overview and Level Annotations

Branches:
Dungeon (2/15)

Altars:

### #........# ((#
#........# #..
#........# ####..
#........# ....#
########'## ###.#
.......#.#########
###.#.
.......#>........#
......
.......#########.#
###.##
$(....g@...#####.#
.....()###.......#
....(?. #########
.(.((.. .(.....
<.8.... .......
.......


You could see a gnoll.


Message History

You throw a stone {throwing}. The stone {throwing} hits the gnoll.
You throw a stone {throwing}. The stone {throwing} hits the gnoll.
You throw a stone {throwing}.
The stone {throwing} hits the gnoll but does no damage.
You throw a stone {throwing}. The stone {throwing} hits the gnoll.
You throw a stone {throwing}.
The stone {throwing} hits the gnoll but does no damage.
The gnoll hits you from afar with a +0 spear.
You sock the gnoll! The gnoll hits you with a +0 club.
The gnoll hits you but does no damage.
You sock the gnoll!
You kill the gnoll!
Trog accepts your kill.
The gnoll hits you from afar with a +0 spear!
You are too injured to fight recklessly!
You are too injured to fight recklessly!
You are too injured to fight recklessly!
You are too injured to fight recklessly!
You are too injured to fight recklessly! 😕 HP[-9] MP[-2]
You take 9 damage, and now have 39/48 hp.
You lost 2 mp, and now have 2/4 mp.
You are too injured to fight recklessly!
You are too injured to fight recklessly!
You are too injured to fight recklessly!
You are too injured to fight recklessly!
You are too injured to fight recklessly!
You are too injured to fight recklessly!
You are too injured to fight recklessly!
You are too injured to fight recklessly!
You are too injured to fight recklessly!
You are too injured to fight recklessly!
You are too injured to fight recklessly!
You are too injured to fight recklessly!
You are too injured to fight recklessly!
You are too injured to fight recklessly!
You are too injured to fight recklessly!
You are too injured to fight recklessly!
You are too injured to fight recklessly!
You are too injured to fight recklessly!
You are too injured to fight recklessly!
You are too injured to fight recklessly!
You are too injured to fight recklessly!
You are too injured to fight recklessly!
Unknown command.
A red film seems to cover your vision as you go berserk!
You feel yourself moving faster!
You feel mighty! The gnoll hits you with a +0 flail!
The gnoll hits you from afar with a +0 spear. 😮 HP[+6] MP[-1]
You now have 72 max hp (+24).
You regained 6 hp, and now have 45/72 hp.
You lost 1 mp, and now have 1/4 mp.
You barely miss the gnoll. The gnoll closely misses you. x2
The gnoll hits you from afar with a +0 halberd! 😮 HP[-7]
You take 7 damage, and now have 38/72 hp.
You closely miss the gnoll. The gnoll hits you with a +0 flail!
* * * LOW HITPOINT WARNING * * *
The gnoll hits you from afar with a +0 spear.
* * * LOW HITPOINT WARNING * * *
The gnoll hits you from afar with a +0 halberd.
* * * LOW HITPOINT WARNING * * *
😨 HP[-17]
You take 17 damage, and now have 21/72 hp.
MASSIVE DAMAGE!! (PAUSE)
You sock the gnoll! The gnoll hits you with a +0 flail.
* * * LOW HITPOINT WARNING * * *
The gnoll hits you from afar with a +0 spear.
* * * LOW HITPOINT WARNING * * *
The gnoll closely misses you. 😱 HP[-7]
You take 7 damage, and now have 14/72 hp.
You thump the gnoll!
You kill the gnoll!
Trog accepts your kill. The gnoll closely misses you.
The gnoll hits you from afar with a +0 spear.
* * * LOW HITPOINT WARNING * * *
😱 HP[-4]
You take 4 damage, and now have 10/72 hp.
Found 15 gold pieces.
Found an escape hatch in the ceiling.
There is an open door, spattered with blood here.
Things that are here:
a +0 flail {mace}; a +0 club {mace}; a gnoll corpse Unknown command.
You sock the gnoll! The gnoll closely misses you. The gnoll barely misses you.
You barely miss the gnoll. The gnoll completely misses you.
The gnoll barely misses you.
You closely miss the gnoll. The gnoll misses you.
The gnoll hits you with a +0 spear.
* * * LOW HITPOINT WARNING * * *
😱 HP[-2]
You take 2 damage, and now have 8/72 hp.
Unknown command.
You sock the gnoll!
You kill the gnoll!
Trog accepts your kill. The gnoll hits you with a +0 spear!
You die...

Skill      XL: |  1  2  3  4 |
---------------+-------------+-----
Maces & Flails | 3 4 |  4.1
Throwing       | 1 2 |  2.3
Fighting       | |  4.0
Dodging        | |  2.6

Action                   |  1- 3 |  4- 6 || total
-------------------------+-------+-------++-------
Melee: Mace              |    91 |    13 ||   104
Throw: Stone             |    75 |    27 ||   102
Invok: Berserk           |     2 |     1 ||     3
 Stab: Sleeping          |     1 |       ||     1
Armor: Animal skin       |    24 |     1 ||    25
Dodge: Dodged            |    50 |     9 ||    59

Levels and vault maps discovered:
D:1:      dreamdust_arrival_sigmund_warning, layout_basic,
          shapermc_ecumenical_altar_ellora, minmay_stone_trees_small
D:2:      layout_basic, serial_shops, shop_statue

Notes
Turn   | Place    | Note
-------+----------+-------------------------------------------
     0 | D:1      | spaghetti the Ogre Berserker began the quest for the Orb.
     0 | D:1      | Reached XP level 1. HP: 24/24 MP: 1/1
     0 | D:1      | magus.rc [v1.9.6]
   169 | D:1      | Reached skill level 3 in Maces & Flails
   192 | D:1      | Reached XP level 2. HP: 32/32 MP: 2/2
   486 | D:1      | Found a faded altar of an unknown god.
   514 | D:1      | Reached XP level 3. HP: 39/39 MP: 3/3
   564 | D:1      | Reached skill level 1 in Throwing
   857 | D:1      | Reached ** piety under Trog
  1358 | D:2      | Reached XP level 4. HP: 46/48 MP: 4/4
  1378 | D:2      | Reached skill level 2 in Throwing
  1628 | D:2      | Reached skill level 4 in Maces & Flails
  1638 | D:2      | HP: 14/72 [gnoll/+0 spear (5)]
  1643 | D:2      | HP: 8/72 [gnoll/+0 spear (3)]
  1644 | D:2      | Slain by a gnoll

Vanquished Creatures
  4 gnolls
  An adder (D:2)
  A worm (D:2)
  A dart slug (D:1)
  8 ball pythons
  2 bats (D:1)
  6 endoplasms
  3 giant cockroaches (D:1)
  5 goblins
  5 hobgoblins
  2 kobolds
  A quokka (D:1)
  4 frilled lizards
  3 rats (D:1)
46 creatures vanquished.

Table legend:
 A = Non-vault XP
 B = Vault XP
 C = Vault XP percentage of total XP
 D = Non-vault monster count
 E = Vault monster count
 F = Vault count percentage of total count
                 A         B        C        D         E       F
            +---------+---------+-------+---------+---------+-------
      Total |     145 |       0 |   0.0 |      46 |       0 |   0.0
            +---------+---------+-------+---------+---------+-------
        D:1 |      66 |       0 |   0.0 |      30 |       0 |   0.0
        D:2 |      79 |       0 |   0.0 |      16 |       0 |   0.0
            +---------+---------+-------+---------+---------+-------

Illustrated notes

Table legend:
 A = Kills in this place as a percentage of kills in entire the game.
 B = Kills by you in this place as a percentage of kills by you in the entire game.
 C = Kills by friends in this place as a percentage of kills by friends in the entire game.
 D = Other kills in this place as a percentage of other kills in the entire game.
 E = Experience gained in this place as a percentage of experience gained in the entire game.
 F = Experience gained in this place divided by the number of levels of this place that you have seen.
                   A       B       C       D       E      F
               +-------+-------+-------+-------+-------+----------------------
         Total | 100.0 | 100.0 |   N/A |   N/A | 100.0 |  72.5
       Dungeon | 100.0 | 100.0 |   N/A |   N/A | 100.0 |  72.5
               +-------+-------+-------+-------+-------+----------------------

Table legend: (Time is in decaauts)
 A = Elapsed time spent in this place.
 B = Non-inter-level travel time spent in this place.
 C = Inter-level travel time spent in this place.
 D = Time resting spent in this place.
 E = Time spent auto-exploring this place.
 F = Levels seen in this place.
 G = Mean time per level.
                   A        B        C        D        E       F      G
               +--------+--------+--------+--------+--------+-----+--------+
         Total |   1683 |   1610 |     73 |    348 |    939 |   2 |  841.5 |
       Dungeon |   1683 |   1610 |     73 |    348 |    939 |   2 |  841.5 |
               +--------+--------+--------+--------+--------+-----+--------+

Top non-repeatable levels by time:
     D:1: 1116 daAuts
     D:2: 567 daAuts
